 Dungeon Crawl Stone Soup version 0.29.1-1-gd02db6906a (webtiles) character file.

Game seed: 11993884928445675011

100347 LustLizard the Eclecticist (level 16, -3/141 HPs)
             Began as a Djinni Fire Elementalist on Oct 11, 2022.
             Was a High Priest of Ashenzari.
             Hit by a javelin thrown by a merfolk javelineer (17 damage)
             ... on level 3 of the Shoals on Oct 12, 2022.
             The game lasted 01:18:03 (26187 turns).

LustLizard the Eclecticist (DjFE)                  Turns: 26187, Time: 01:18:03

Health: -3/141     AC: 28    Str: 16    XL:     16   Next: 79%
Gold:   2962       EV: 16    Int: 26    God:    Ashenzari [*****.] SH:  0 Dex: 16

rFire   + + .      SeeInvis +   k - +8 war axe of Supernal Wisdom {vorpal, Str+9, Self, Cun} (curse)
rCold   x . .      Faith    .   (no shield)
rNeg    . . .      Spirit   .   s - +4 chain mail of the Enigmatic Ethics {Will+, Range, Self} (curse)
rPois   ∞          Reflect  .   x - +2 hat of the Cursed Planets {Int+3, Fort, Evo} (curse)
rElec   .          Harm     .   C - +2 cloak of the Shackled God {rCorr, Cun, Evo} (curse)
rCorr   +          Rampage  .   f - +2 pair of gloves "Gaze Upon Infinity" {infuse, Self, Cun} (curse)
Will    ++...      Clarity  +   (boots unavailable)
Stlth   ++........              q - amulet of the Ruined Chagrin {Regen+, Self, Cun} (curse)
HPRegen 1.13/turn               t - ring of the Cosmic Vision {AC+4, Fort, Self} (curse)
MPRegen 0.00/turn               H - ring of Ashenzari's Doubts {EV+4, Evo, Self} (curse)

@: flying
A: sickness immunity, fire resistance 2, cold vulnerability 1, float, innate
caster, HP casting, extra vitality 1
a: Renounce Religion, Shatter the Chains


You were on level 3 of the Shoals.
You worshipped Ashenzari.
Ashenzari was extremely pleased with you.
You visited 5 branches of the dungeon, and saw 24 of its levels.
You also visited: Bailey and Volcano.

You collected 3252 gold pieces.
You spent 290 gold pieces at shops.

Inventory:

Hand Weapons
 k - the cursed +8 war axe of Supernal Wisdom (weapon) {vorpal, Str+9, Self, Cun}
   (You found it on level 11 of the Dungeon)

   It inflicts extra damage upon your enemies.
   Str:       It affects your strength (+9).
   It has a curse which improves the following skills: Introspection: Fighting
   and Spellcasting.
   Cunning:   Dodging and Stealth.
Missiles
 d - 6 throwing nets
Armour
 f - the cursed +2 pair of gloves "Gaze Upon Infinity" (worn) {infuse, Self, Cun}
   (You bought it in a shop on level 1 of the Dungeon)

   It has a curse which improves the following skills: Introspection: Fighting
   and Spellcasting.
   Cunning:   Dodging and Stealth.
 s - the cursed +4 chain mail of the Enigmatic Ethics (worn) {Will+, Range, Self}
   (You found it in a bailey)

   It has a curse which improves the following skills: Ranged Combat: Ranged
   Weapons and Throwing.
   Introspection: Fighting and Spellcasting.
 x - the cursed +2 hat of the Cursed Planets (worn) {Int+3, Fort, Evo}
   (You took it off Gastronok on level 1 of the Lair of Beasts)

   It has a curse which improves the following skills: Fortitude: Armour and
   Shields.
   Evocations: Evocations.
 C - the cursed +2 cloak of the Shackled God (worn) {rCorr, Cun, Evo}
   (You found it on level 4 of the Dungeon)

   It has a curse which improves the following skills: Cunning: Dodging and
   Stealth.
   Evocations: Evocations.
Jewellery
 l - a +6 ring of strength
 m - a ring of positive energy
 q - the cursed amulet of the Ruined Chagrin (around neck) {Regen+, Self, Cun}
   (You found it on level 6 of the Dungeon)

   [amulet of regeneration]

   Regen:     It increases your rate of health regeneration.
   It has a curse which improves the following skills: Introspection: Fighting
   and Spellcasting.
   Cunning:   Dodging and Stealth.
 t - the cursed ring of the Cosmic Vision (left hand) {AC+4, Fort, Self}
   (You found it on level 1 of the Lair of Beasts)

   [ring of protection]

   AC:        It affects your AC (+4).
   It has a curse which improves the following skills: Fortitude: Armour and
   Shields.
   Introspection: Fighting and Spellcasting.
 w - a ring of positive energy
 H - the cursed ring of Ashenzari's Doubts (right hand) {EV+4, Evo, Self}
   (You found it on level 6 of the Dungeon)

   [ring of evasion]

   EV:        It affects your evasion (+4).
   It has a curse which improves the following skills: Evocations: Evocations.
   Introspection: Fighting and Spellcasting.
Wands
 i - a wand of charming (5)
 A - a wand of flame (73)
 B - a wand of light (31)
 M - a wand of polymorph (15)
 Q - a wand of iceblast (44)
 S - a wand of mindburst (5)
Scrolls
 c - a scroll of fog
 e - 4 scrolls of fear
 n - 5 scrolls of immolation
 o - 10 scrolls of teleportation
 p - 5 scrolls of poison
 u - a scroll of torment
 E - a scroll of summoning
 F - 3 scrolls of silence
 L - 2 scrolls of enchant weapon
 N - 2 scrolls of magic mapping
Potions
 a - a potion of cancellation
 b - 2 potions of resistance
 g - 8 potions of curing
 h - 4 potions of heal wounds
 j - 5 potions of might
 r - a potion of invisibility
 v - 2 potions of ambrosia
 D - 2 potions of berserk rage
 I - 5 potions of mutation
 J - 5 potions of attraction
 R - 4 potions of haste
 X - 6 potions of brilliance
Miscellaneous
 T - a phantom mirror
 W - a tin of tremorstones (2/2)


   Skills:
 + Level 14.4(21.6) Fighting
 + Level 0.4 Axes
 + Level 6.6(10.1) Armour
 + Level 8.1(13.5) Dodging
 + Level 7.6(13.0) Stealth
 * Level 15.9(23.1) Spellcasting
 + Level 7.7(12.2) Evocations


You had 23 spell levels left.
You knew the following spells:

 Your Spells              Type           Power      Damage    Failure   Level
a - Foxfire               Conj/Fire      100%       2x1d9     0%          1
b - Scorch                Fire           100%       2d10      0%          2
c - Conjure Flame         Conj/Fire      100%       6-21      0%          3
d - Inner Flame           Hex/Fire       100%       N/A       0%          3
e - Flame Wave            Conj/Fire      100%       2d21      0%          4
f - Slow                  Hex            100%       N/A       0%          1
g - Blink                 Tloc           100%       N/A       0%          2
h - Summon Guardian Gole  Hex/Summ       100%       N/A       0%          3
i - Corpse Rot            Necr/Pois/Air  100%       N/A       0%          4
j - Petrify               Tmut/Erth      100%       N/A       0%          4
k - Blade Hands           Tmut           50%        N/A       1%          5
l - Dispersal             Tloc           50%        N/A       1%          6
Your spell library was empty.

Dungeon Overview and Level Annotations

Branches:
Dungeon (13/15)            Temple (1/1) D:6            Lair (5/5) D:10
 Shoals (3/4) Lair:2        Snake (0/4) Lair:2        Slime (0/5) Lair:4
    Orc (2/2) D:10            Elf (0/3) Orc:2        Bailey (visited)
Volcano (visited)
 Vaults: D:13-14

Altars:
Ashenzari
Cheibriados
Dithmenos
Elyvilon
Fedhas
Gozag
Hepliaklqana
Makhleb
Nemelex Xobeh
Okawaru
Qazlal
Ru
Trog
Uskayaw
Wu Jian
Xom
Yredelemnul
Zin
The Shining One
Jiyva

Shops:
D:1 [   D:3 (   D:6 :   Orc:2 [([

Portals:
Trove: D:10 (give horn of Geryon)

Annotations:
Shoals:1 1 transporter, exclusion: orange crystal statue


Innate Abilities, Weirdness & Mutations

You are immune to sickness and miasma.
You are immune to poison.
Your flesh is very heat resistant. (rF++)
You are vulnerable to cold. (rC-)
You float through the air rather than walking.
You learn spells naturally, not from books.
Your magical power is your life essence.
You have superior vitality. (+4 MHP)


Message History

The javelin pierces through you!
* * * LOW HITPOINT WARNING * * *
Casting: Summon Guardian Golem (safe; 0% risk of failure)
Confirm with . or Enter, or press ? or * to list all spells.
Casting: Flame Wave (safe; 0% risk of failure)
Press: ? - help, Dir - look around, f - activate
Okay, then.
Casting: Flame Wave (safe; 0% risk of failure)
Confirm with . or Enter, or press ? or * to list all spells.
Flames lash the merfolk javelineer.
The merfolk javelineer is burned terribly!
The merfolk javelineer is almost dead.
* * * LOW HITPOINT WARNING * * *
The merfolk javelineer shouts!
The merfolk impaler misses you.
The merfolk javelineer throws a javelin.
The javelin pierces through you.
* * * LOW HITPOINT WARNING * * *
A merfolk javelineer comes into view. It is wielding a +0 spear of freezing.
Casting: Scorch (safe; 0% risk of failure)
Confirm with . or Enter, or press ? or * to list all spells.
Flames lash the merfolk javelineer.
The merfolk javelineer is lightly wounded.
The merfolk javelineer's fire resistance burns away.
* * * LOW HITPOINT WARNING * * *
The merfolk impaler hits you but does no damage.
The merfolk javelineer is engulfed in a cloud of scalding steam.
The merfolk javelineer throws a javelin.
The javelin pierces through you.
* * * LOW HITPOINT WARNING * * *
The merfolk impaler hits you but does no damage.
The merfolk javelineer throws a javelin.
The javelin pierces through you!
* * * LOW HITPOINT WARNING * * *
As you read the scroll of summoning, it crumbles to dust.
Wisps of shadow whirl around you... The merfolk impaler misses you.
The merfolk javelineer is engulfed in a cloud of scalding steam.
The merfolk javelineer throws a javelin.
The javelin pierces through you!
You die...

###≈≈~~~.~~~~~~.~.#..~~≈~.~..###.
###≈≈≈~~~~~...~~....~~~~~~...##..
###≈≈~~~~~~...........~~~~......~
≈≈≈≈~~~~≈~~~.#####.$..~~~~~≈.....
~~~≈~~~~~~~~..........~~≈~~~.....
~.~~~~~~~~~............. ~~~..)..
~~~~.###~~~....S........ ≈~~.~..~
~.~., #.~~~~.........$.,≈≈≈~~~~≈
~, ,,#..~~~~~..@9...... ~~~~~~~~
~~,, #..####≈...mm.....,,.~.~~~.
,,*### * ####≈m....<.,,..~~~~~ ,
**** ~ ~mm##≈./... ~~ ~ * ~~ ~
~~,. ...... ~~ * ~ ~ ~~ ,,~ ..,
.>...., ~ ~ ~~~~ , * ~. ......,,,
, ~ ~~~~~ ~ ~ ~*##≈ , .....,~ ,**
, ~~~* * ~~ ~*~ ,, , , * *


You could see a merfolk impaler, 3 merfolk javelineers, a friendly sea snake
(summoned), a friendly merfolk (summoned) and a friendly guardian golem
(summoned).

Vanquished Creatures
  Jorgrun (Orc:1)
  Gastronok (Lair:1)
  A kraken (Shoals:3)
  Louise (Shoals:2)
  A merfolk javelineer (Shoals:2)
  4 merfolk impalers
  3 hydras
  10 two-headed ogres
  2 ogre magi (Orc:2)
  A centaur warrior (Shoals:1)
  A merfolk avatar (Shoals:1)
  3 merfolk aquamancers (Shoals:2)
  A catoblepas (D:13)
  Nergalle (Orc:1)
  The ghost of fireball365 the Cleaver, a novice MiFi of Gozag (D:6)
  A skeletal warrior (D:13)
  5 sea snakes
  2 deep trolls (Orc:2)
  A deep elf archer (Volcano)
  7 deep elf pyromancers (Volcano)
  5 harpies (Shoals:1)
  2 orc knights (Orc:2)
  2 ugly things (D:11)
  7 manticores
  2 orc sorcerers
  5 cyclopes
  2 fauns
  5 elephants (Lair:4)
  8 merfolk sirens
  A black mamba (shapeshifter) (D:12)
  3 water nymphs
  5 black mambas
  2 gargoyles
  13 cane toads
  3 kobold demonologists (D:11)
  3 unseen horrors
  A torpor snail (Lair:3)
  A rime drake (Lair:4)
  6 komodo dragons
  19 merfolk
  15 trolls
  3 wind drakes (Shoals:1)
  A hornet (D:8)
  12 polar bears
  7 snapping turtles
  3 raiju (Lair:5)
  9 dream sheep
  23 blink frogs
  A vampire (Bailey)
  A shadow (D:11)
  Sigmund (D:4)
  22 yaks
  6 water elementals
  A fire elemental (Volcano)
  4 basilisks
  A wyvern (D:9)
  A steam dragon (D:10)
  4 vampire mosquitoes (D:12)
  Menkaure (D:4)
  6 wargs
  Edmund (D:4)
  3 nagas (Lair:2)
  An acid dragon (D:10)
  19 hell hounds
  9 water moccasins
  An ice beast (D:7)
  Duvessa (D:6)
  21 orc warriors
  14 black bears
  A sky beast (D:7)
  28 ogres
  17 wolves
  A phantom (D:7)
  5 centaurs
  5 kobold brigands
  11 bullfrogs
  2 necrophages
  A scorpion (D:7)
  4 wights (D:7)
  Dowan (D:6)
  5 killer bees (D:9)
  6 vampire bats (Bailey)
  7 wolf zombies (Bailey)
  2 howler monkeys (D:8)
  2 gnoll boudas (D:7)
  6 hounds
  6 jellies
  8 orc priests
  2 iguanas
  18 orc wizards
  Ijyb (D:4)
  A hound skeleton (D:8)
  20 gnolls
  22 orc zombies (Bailey)
  5 adders
  3 white imps
  3 worms
  5 dart slugs
  79 orcs
  8 bats
  6 endoplasms
  6 giant cockroaches
  9 hobgoblins
  10 jackals
  5 quokkas
  4 ball pythons
  2 frilled lizards (D:1)
  8 goblins
  16 kobolds
  5 rats
  2 butterflies (Lair:4)
  3 tentacles (Shoals:3)
696 creatures vanquished.

Vanquished Creatures (collateral kills)
  An orc warlord (Orc:2)
  3 foxfires
4 creatures vanquished.

Vanquished Creatures (others)
  An orc warlord (D:10)
  Erolcha (D:9)
  A hydra (Lair:3)
  A boulder beetle (Lair:3)
  A two-headed ogre (D:9)
  A death knight (D:11)
  Lodul (D:10)
  2 deep elf pyromancers (Volcano)
  3 yaks (Lair:1)
  4 ogres (D:10)
  A centaur (D:11)
  A gnoll bouda (D:6)
  Crazy Yiuf (D:4)
  An orc wizard (D:6)
  1344 foxfires
  13 fungi
  91 plants
  9 tentacles (Shoals:3)
1477 creatures vanquished.

Grand Total: 2177 creatures vanquished

Notes
Turn   | Place    | Note
-------+----------+-------------------------------------------
     0 | D:1      | LustLizard the Djinni Fire Elementalist began the quest for
                  | the Orb.
     0 | D:1      | LustLizard set off with the following spells memorised:
                  | Foxfire, Scorch, Conjure Flame, Inner Flame, Flame Wave.
     0 | D:1      | Reached XP level 1. HP: 15/15 MP: 0/0
   182 | D:1      | Reached XP level 2. HP: 13/22 MP: 0/0
   581 | D:1      | Reached XP level 3. HP: 25/26 MP: 0/0
   581 | D:1      | Learned a level 1 spell: Slow
   608 | D:1      | Found Uselaoc's Antique Armour Shop.
   645 | D:1      | Reached skill level 1 in Fighting
  1692 | D:2      | Reached XP level 4. HP: 30/32 MP: 0/0
  1773 | D:2      | Reached skill level 3 in Spellcasting
  2700 | D:1      | Bought an ichor-stained robe for 125 gold pieces
  2700 | D:1      | Identified the +1 robe of Hepliaklqana's Fury {rElec Will-
                  | Str+2 Dex+4} (You bought it in a shop on level 1 of the
                  | Dungeon)
  2741 | D:3      | Reached XP level 5. HP: 28/37 MP: 0/0
  2741 | D:3      | Learned a level 2 spell: Blink
  3078 | D:3      | Found Dyubbyjoad's Antique Weapon Emporium.
  4071 | D:4      | Found a hazy altar of Hepliaklqana.
  4145 | D:4      | Noticed Sigmund
  4167 | D:4      | Killed Sigmund
  4168 | D:4      | Reached skill level 4 in Spellcasting
  4168 | D:4      | Reached XP level 6. HP: 17/45 MP: 0/0
  4630 | D:4      | Noticed Ijyb
  4638 | D:4      | Killed Ijyb
  4639 | D:4      | Reached XP level 7. HP: 42/49 MP: 0/0
  4639 | D:4      | Learned a level 3 spell: Summon Guardian Golem
  4743 | D:4      | Noticed Edmund
  4759 | D:4      | Killed Edmund
  5061 | D:4      | Noticed Menkaure
  5070 | D:4      | Killed Menkaure
  5317 | D:4      | Found a runed translucent door.
  5318 | D:4      | Noticed Crazy Yiuf
  5643 | D:4      | Killed Crazy Yiuf
  6000 | D:5      | Entered Level 5 of the Dungeon
  6076 | D:5      | Reached XP level 8. HP: 44/56 MP: 0/0
  6625 | D:5      | Reached skill level 5 in Spellcasting
  6758 | D:5      | Reached skill level 5 in Dodging
  7843 | D:6      | Noticed Dowan
  7843 | D:6      | Noticed Duvessa
  8198 | D:6      | Found a runed translucent door.
  8403 | D:6      | Killed Dowan
  8410 | D:6      | Reached XP level 9. HP: 61/63 MP: 0/0
  8410 | D:6      | Learned a level 4 spell: Corpse Rot
  8413 | D:6      | Killed Duvessa
  8521 | D:6      | Found a glowing silver altar of Zin.
  8567 | D:6      | Found Houpt's Self-Improvement Boutique.
  8593 | D:6      | Reached skill level 6 in Spellcasting
  8817 | D:6      | Found a staircase to the Ecumenical Temple.
  8937 | D:6      | Noticed fireball365's ghost (novice MiFi)
  9164 | D:7      | Reached skill level 5 in Fighting
  9164 | D:7      | Reached skill level 5 in Stealth
  9523 | Temple   | Entered the Ecumenical Temple
  9574 | Temple   | Became a worshipper of Ashenzari the Shackled
  9688 | D:7      | Noticed a troll
  9806 | D:7      | Killed a troll
  9807 | D:7      | Reached XP level 10. HP: 71/72 MP: 0/0
  9822 | D:7      | Reached skill level 7 in Spellcasting
  9969 | D:7      | Found a glowing golden altar of the Shining One.
 10132 | D:8      | Found an opulent altar of Gozag.
 10132 | D:8      | Found an iron altar of Okawaru.
 10211 | D:8      | Reached skill level 1 in Evocations
 10469 | D:8      | Found a burning altar of Makhleb.
 10830 | D:9      | Reached skill level 8 in Spellcasting
 11126 | D:9      | Identified the +6 falchion of the Wraith {holy, Stlth+}
 11268 | D:9      | Noticed a two-headed ogre
 11280 | D:9      | Killed a two-headed ogre
 11281 | D:9      | Reached XP level 11. HP: 78/79 MP: 0/0
 11281 | D:9      | Learned a level 4 spell: Petrify
 11412 | D:9      | Noticed Erolcha
 11426 | D:9      | Killed Erolcha
 11433 | D:9      | Reached * piety under Ashenzari
 11618 | D:9      | Found a sacrificial altar of Ru.
 11897 | D:10     | Entered Level 10 of the Dungeon
 11941 | D:10     | Found a staircase to the Lair.
 12146 | D:10     | Noticed a two-headed ogre
 12153 | D:10     | Killed a two-headed ogre
 12209 | D:10     | Identified the +7 falchion "Julitoest" {flame, rC+}
 12225 | D:10     | Found a flagged portal.
 12237 | Bailey   | Entered a bailey
 12239 | Bailey   | Reached ** piety under Ashenzari
 12339 | Bailey   | Reached skill level 9 in Spellcasting
 12414 | Bailey   | Identified the +2 scale mail of Tender Moments {rF- Will+
                  | Dex+4 SInv Stlth+}
 12518 | Bailey   | Identified the +8 battleaxe of Xietre {speed, Str-2 Dex+4
                  | SInv}
 12810 | D:10     | Found an ornate altar of the Wu Jian Council.
 12813 | D:10     | Noticed Lodul
 12827 | D:10     | Killed Lodul
 12985 | D:10     | Found a portal to a secret trove of treasure.
 13099 | D:10     | Found a staircase to the Orcish Mines.
 13212 | D:11     | Reached XP level 12. HP: 89/90 MP: 0/0
 13383 | D:11     | Noticed a soul eater
 13455 | D:11     | Reached *** piety under Ashenzari
 13475 | D:11     | Reached skill level 5 in Evocations
 13713 | D:11     | Identified the +8 war axe of Erghuth {vorpal, Str+9}
 14046 | D:11     | Noticed a death knight
 14061 | D:11     | Reached skill level 10 in Spellcasting
 14069 | D:11     | Killed a death knight
 14271 | Lair:1   | Entered Level 1 of the Lair of Beasts
 14475 | Lair:1   | Found a dark tunnel.
 14483 | Volcano  | Entered a volcano
 14583 | Volcano  | Reached XP level 13. HP: 32/102 MP: 0/0
 14583 | Volcano  | Learned a level 5 spell: Blade Hands
 14765 | Volcano  | Reached skill level 11 in Spellcasting
 15085 | Lair:1   | Noticed Gastronok
 15095 | Lair:1   | Reached **** piety under Ashenzari
 15121 | Lair:1   | Killed Gastronok
 15122 | Lair:1   | Reached skill level 10 in Fighting
 15659 | Lair:2   | Found a staircase to the Snake Pit.
 15862 | Lair:2   | Found a staircase to the Shoals.
 15865 | Lair:2   | Reached skill level 1 in Armour
 15926 | Lair:2   | Reached ***** piety under Ashenzari
 15937 | Lair:2   | Found a glowing silver altar of Zin.
 16377 | Lair:3   | Noticed a six-headed hydra
 16384 | Lair:3   | Killed a six-headed hydra
 16533 | Lair:3   | Reached skill level 12 in Spellcasting
 16546 | Lair:3   | Noticed a boulder beetle
 16577 | Lair:3   | Killed a boulder beetle
 17156 | Lair:4   | Reached XP level 14. HP: 114/119 MP: 0/0
 17165 | Lair:4   | Found a viscous altar of Jiyva.
 17169 | Lair:4   | Found a staircase to the Slime Pits.
 18301 | Lair:5   | Entered Level 5 of the Lair of Beasts
 18708 | Lair:5   | Reached skill level 5 in Armour
 18791 | Lair:5   | Reached skill level 13 in Spellcasting
 19628 | Orc:1    | Entered Level 1 of the Orcish Mines
 19654 | Orc:1    | Noticed an orc warlord
 19759 | D:10     | Killed an orc warlord
 19981 | Orc:2    | Entered Level 2 of the Orcish Mines
 20000 | Orc:2    | Reached XP level 15. HP: 39/127 MP: 0/0
 20000 | Orc:2    | Learned a level 6 spell: Dispersal
 20093 | Orc:2    | Noticed Jorgrun
 20209 | Orc:1    | Killed Jorgrun
 20337 | Orc:2    | Reached skill level 14 in Spellcasting
 20453 | Orc:2    | Found a staircase to the Elven Halls.
 20457 | Orc:2    | Found Naug's Armour Emporium.
 20535 | Orc:2    | Found Edackerph's Weapon Boutique.
 20541 | Orc:2    | Found Vyhedd's Weapon Shoppe.
 20542 | Orc:2    | Found Humy's Armour Emporium.
 20712 | Orc:1    | Noticed Nergalle
 20712 | Orc:1    | Noticed an orc warlord
 20721 | Orc:1    | Killed Nergalle
 20938 | Orc:2    | HP: 3/129 [orc warlord/+3 great sword of electrocution
                  | (19)]
 20941 | Orc:2    | Killed an orc warlord
 21582 | D:12     | Found the +18 Lear's hauberk
 22647 | Shoals:1 | Entered Level 1 of the Shoals
 23087 | Shoals:1 | Reached XP level 16. HP: 135/137 MP: 0/0
 23120 | Shoals:1 | Found a transporter.
 23169 | Shoals:1 | Reached skill level 15 in Spellcasting
 24659 | D:6      | Killed fireball365's ghost
 24795 | D:1      | Bought a pair of runed gloves for 165 gold pieces
 25513 | Shoals:2 | Noticed Louise
 25526 | Shoals:2 | Killed Louise
 26117 | Shoals:3 | Noticed a kraken
 26140 | Shoals:3 | Killed a kraken
 26187 | Shoals:3 | Hit by a javelin thrown by a merfolk javelineer

Illustrated notes

Levels and vault maps discovered:
D:1:      denvon_arrival_planthouse, layout_basic, serial_shops,
          nicolae_shop_trees
D:2:      layout_loops_ring, minmay_cupped
D:3:      layout_loops_ring, serial_shops, nicolae_shop_advertising_works
          [nicolae_subvault_shop_adworks], dk_vineyard_3, minmay_pentomino_pile
D:4:      layout_loops_corners, kennysheep_little_box, uniq_sigmund,
          uniq_menkaure, uniq_ijyb, uniq_crazy_yiuf_cottage, uniq_edmund
D:5:      layout_layer_cave, serial_bayou_pond_a, water_maze_lemuel
D:6:      layout_basic, nicolae_overflow_two_pavilions,
          minmay_temple_entry_from_below_a, ebering_ghost_reflecting_pool,
          nicolae_shop_self_help, uniq_duvessa
D:7:      layout_cave_pools, minmay_ruined_shrine
D:8:      layout_rooms, gammafunk_temple_overflow_elements,
          makhleb_blood_cavern_becter
D:9:      layout_basic, lemuel_doored_altar, uniq_erolcha
D:10:     layout_rooms, mainiacjoe_overflow_surrounded_room, lair_entry_dummy,
          hiddenorc1_lemuel, enter_bailey_3, enter_trove_6, uniq_lodul
D:11:     layout_roguey
D:12:     layout_grid_maze, hangedman_ranch
D:13:     layout_basic, minivault_16
Temple:   zaba_magenta_temple
Lair:1:   layout_chaotic_city, lightli_volcano_entry_magma_tube,
          amcnicky_mini_pool_medium, infiniplex_staircase_pool_2, uniq_gastronok
Lair:2:   layout_regular_city, minmay_shoals_entry_centaurs,
          guppyfry_snake_entry_island, basic_altar,
          chequers_serial_rivers_large_b
Lair:3:   layout_regular_city, minmay_holes
Lair:4:   layout_layer_cave, dpeg_slime_entry_corner, grunt_megastairs_1,
          lemuel_fruit_fields
Lair:5:   hangedman_lair_caniforms_friends, layout_long_grid
Shoals:1: gammafunk_sealed_arena, layout_shoals,
          nicolae_shoals_lost_giant_amphitheater
Shoals:2: layout_shoals, st_sunken_huts, uniq_louise
Shoals:3: layout_shoals, nicolae_shoals_pincushion_passage
Orc:1:    layout_caves, basic_altar, mines_bat_river, uniq_nergalle
Orc:2:    st_orc_open, layout_caves, uniq_jorgrun

Skill      XL: |  1  2  3  4  5  6  7  8  9 10 11 12 13 14 15 16 |
---------------+-------------------------------------------------+-----
Fighting       | 1 2 3 4 5 7 8 9 10 12 13 14 | 14.4
Stealth        | 2 3 4 5 6 7 |  7.6
Spellcasting   | 3 4 5 6 8 9 10 12 13 14 15 | 15.9
Dodging        | 3 4 5 6 7 8 |  8.1
Evocations     | 3 4 6 7 |  7.7
Armour         | 3 6 |  6.6
Axes           | |  0.4

Action                   |  1- 3 |  4- 6 |  7- 9 | 10-12 | 13-15 | 16-18 || total
-------------------------+-------+-------+-------+-------+-------+-------++-------
Melee: Unarmed           |     3 |       |       |       |       |       ||     3
       Dagger            |     2 |    44 |    69 |    51 |       |       ||   166
       Falchion          |       |       |       |    50 |       |       ||    50
       War axe           |       |       |       |    82 |   313 |     2 ||   397
       Punch             |       |       |       |     1 |     2 |       ||     3
 Cast: Foxfire           |    47 |    79 |   187 |   245 |   160 |    24 ||   742
       Scorch            |     5 |     2 |     9 |   169 |   162 |   155 ||   502
       Conjure Flame     |       |     1 |       |       |       |       ||     1
       Slow              |       |     1 |     3 |       |     4 |       ||     8
       Summon Guardian G |       |       |     9 |    11 |    18 |     4 ||    42
       Blink             |       |       |     2 |     1 |     1 |       ||     4
       Inner Flame       |       |       |     1 |     5 |       |       ||     6
       Petrify           |       |       |       |     2 |       |       ||     2
       Flame Wave        |       |       |       |       |   104 |    23 ||   127
Invok: Curse Item        |       |       |       |     5 |     4 |     1 ||    10
       Shatter the Chain |       |       |       |       |     1 |     1 ||     2
  Use: Scroll            |       |     3 |     7 |     1 |     4 |     3 ||    18
       Potion            |       |       |       |     1 |     5 |       ||     6
 Stab: Sleeping          |       |     2 |       |     2 |     2 |       ||     6
       Distracted        |       |       |       |       |     1 |       ||     1
Armor: Robe              |     1 |     5 |    31 |    58 |       |       ||    95
       Chain mail        |       |       |       |    76 |   480 |   102 ||   658
Dodge: Dodged            |     5 |    26 |   117 |   397 |   791 |   126 ||  1462
